 Dungeon Crawl Stone Soup version 0.29.0-7-g18a832c13a (webtiles) character file.

Game seed: 9072727207429243072

2407 ImASeal the Covert (level 9, -16/58 HPs)
             Began as an Octopode Brigand on Aug 29, 2022.
             Demolished by a yak (17 damage)
             ... on level 6 of the Dungeon.
             The game lasted 00:19:13 (6542 turns).

ImASeal the Covert (Octopode Brigand)               Turns: 6542, Time: 00:19:13

Health: -16/58     AC:  1    Str: 11    XL:     9   Next: 47%
Magic:  9/9        EV: 29    Int: 17    God:
Gold:   169        SH:  0    Dex: 17    Spells: 8/8 levels left

rFire   + . .      SeeInvis .   i - +0 dagger (speed)
rCold   x . .      Faith    .   (no shield)
rNeg    . . .      Spirit   .   (helmet restricted)
rPois   +          Reflect  .   v - amulet of the acrobat
rElec   .          Harm     .   p - ring of Futes {rPois Int+4 Slay+4}
rCorr   +          Rampage  .   r - ring of fire
Will    .....                   z - ring of resist corrosion
Stlth   ++++++....              (no ring)
HPRegen 0.19/turn               (no ring)
MPRegen 0.11/turn               (no ring)
                                (no ring)
                                (no ring)

@: acrobatic
A: almost no armour, amphibious, 8 rings, camouflage 1, gelatinous body 1,
(nimble swimmer 1), tentacles
a: no special abilities


You were on level 6 of the Dungeon.
You visited 1 branch of the dungeon, and saw 6 of its levels.

You collected 358 gold pieces.
You spent 189 gold pieces at shops.

Inventory:

Hand Weapons
 a - a +2 dagger
 i - a +0 dagger of speed (weapon)
Missiles
 b - 4 poisoned darts (quivered)
 c - 3 curare-tipped darts
 h - 3 javelins
Jewellery
 p - the ring of Futes (left tentacle) {rPois Int+4 Slay+4}
   (You found it on level 3 of the Dungeon)

   [ring of poison resistance]

   Int:       It affects your intelligence (+4).
   Slay:      It affects your accuracy & damage with ranged weapons and melee
   (+4).
   rPois:     It protects you from poison.
 r - a ring of fire (right tentacle)
 s - an amulet of faith
 v - an amulet of the acrobat (around mantle)
 z - a ring of resist corrosion (on tentacle)
 E - a +4 ring of evasion
Wands
 u - a wand of polymorph (7)
 x - a wand of quicksilver (9)
Scrolls
 d - 5 scrolls of teleportation
 e - a scroll of brand weapon {unknown}
 g - a scroll of butterflies {unknown}
 k - 2 scrolls of blinking
 n - a scroll of summoning {unknown}
 q - a scroll of enchant weapon {unknown}
 y - a scroll of vulnerability {unknown}
 A - a scroll of immolation
 B - 2 scrolls of identify
 D - a scroll of enchant armour
Potions
 f - a potion of heal wounds
 j - a potion of cancellation {unknown}
 l - a potion of magic {unknown}
 m - 2 potions of lignification
 o - 2 potions of might {unknown}
 t - 2 potions of haste {unknown}
 w - 3 potions of curing {unknown}
 C - a potion of flight {unknown}


   Skills:
 + Level 4.3 Fighting
 + Level 6.5 Short Blades
 + Level 6.1 Throwing
 + Level 3.3 Dodging
 + Level 11.4 Stealth
 + Level 1.8 Evocations


You had 8 spell levels left.
You didn't know any spells.
Your spell library contained the following spells:

 Spells                   Type           Power      Damage    Failure   Level
 Magic Dart               Conj           0%         1d3       24%         1
 Shock                    Conj/Air       0%         1d3       24%         1
 Summon Small Mammal      Summ           0%         N/A       24%         1
 Call Imp                 Summ           0%         N/A       34%         2
 Static Discharge         Conj/Air       0%         3-3/arc   34%         2
 Call Canine Familiar     Summ           0%         N/A       56%         3
 Confusing Touch          Hex            0%         N/A       56%         3
 Mephitic Cloud           Conj/Pois/Air  0%         N/A       56%         3
 Summon Guardian Golem    Hex/Summ       0%         N/A       56%         3
 Swiftness                Air            0%         N/A       56%         3
 Airstrike                Air            0%         2d(0-16)  93%         4
 Dispel Undead            Necr           0%         3d6       93%         4
 Sticky Flame             Conj/Fire      0%         2d3       93%         4
 Yara's Violent Unravell  Hex/Tmut       0%         3d3       100%        5
 Enfeeble                 Hex            0%         N/A       100%        7


Dungeon Overview and Level Annotations

Branches:
Dungeon (6/15)
 Temple: D:4-7

Altars:
Fedhas
Nemelex Xobeh
Qazlal

Shops:
D:1 *   D:6 ?


Innate Abilities, Weirdness & Mutations

You cannot wear most types of armour.
You are amphibious.
You can wear up to eight rings at the same time.
Your skin changes colour to match your surroundings (Stealth+).
Your rubbery body absorbs attacks. (AC +1, EV +1)
((You are camouflaged when in or above water. (Stealth+)))
You have tentacles for arms and can constrict up to eight enemies at once.


Message History

The yak is moderately wounded.
The yak gores you!
* * * LOW HITPOINT WARNING * * *
You are too injured to fight recklessly!
You are too injured to fight recklessly!
You hit the yak.
The yak is heavily wounded.
The yak gores you.
* * * LOW HITPOINT WARNING * * *
You closely miss the yak.
The yak is heavily wounded.
The yak attacks as you move away! The yak barely misses you.
The yak attacks as you move away! The yak barely misses you.
The yak attacks as you move away! The yak completely misses you.
The yak attacks as you move away! The yak completely misses you.
The yak attacks as you move away! The yak gores you.
* * * LOW HITPOINT WARNING * * *
The yak completely misses you. The yak attacks as you move away!
The yak completely misses you.
A scorpion comes into view.
The yak looks more healthy.
The yak misses you. The yak closely misses you. The yak completely misses you.
The yak closely misses you. The yak attacks as you move away!
The yak closely misses you. The yak completely misses you.
The yak attacks as you move away! The yak misses you.
You kill the yak!
The yak attacks as you move away! The yak closely misses you.
The yak completely misses you. The yak misses you. The yak misses you.
The yak attacks as you move away! The yak misses you.
The yak attacks as you move away! The yak misses you.
Found a quarterstaff.
The yak gores you!
* * * LOW HITPOINT WARNING * * *
The yak attacks as you move away! The yak closely misses you.
The yak attacks as you move away! The yak misses you.
Found 8 gold pieces.
The yak misses you. The yak gores you!
You die...

#######..## ...
#.Y.Y...... ...
#.#####..## #.# #(#
##...# #. #.# #(# #....#
##.# #.# ##(####.....
...).###.####.....#..###
...$..........#.........
#@.Y#.#.......####
#.#Y#...........#
#.##YY...........# ##
###..............
#.#.#.......####
#.##.#.......# ##
#.#.......# ....#######
....#


You could see 4 yaks.

Vanquished Creatures
  A hornet (D:4)
  Sigmund (D:3)
  A shadow (D:5)
  2 yaks (D:6)
  Edmund (D:4)
  A sky beast (D:6)
  An ice beast (D:5)
  5 ogres
  A black bear (D:5)
  A phantom (D:5)
  3 scorpions
  A howler monkey (D:4)
  A hound (D:5)
  3 jellies
  3 iguanas
  4 orc wizards
  Robin (D:3)
  8 adders
  A shadow imp (D:5)
  A white imp (D:6)
  An ufetubus (D:5)
  6 worms
  4 dart slugs
  13 orcs
  6 bats
  5 endoplasms
  3 giant cockroaches
  16 goblins
  10 hobgoblins
  2 kobolds (D:2)
  5 quokkas
  10 ball pythons
  A frilled lizard (D:3)
  5 rats
128 creatures vanquished.

Notes
Turn   | Place    | Note
-------+----------+-------------------------------------------
     0 | D:1      | ImASeal the Octopode Brigand began the quest for the Orb.
     0 | D:1      | Reached XP level 1. HP: 14/14 MP: 1/1
   124 | D:1      | Reached XP level 2. HP: 19/19 MP: 2/2
   129 | D:1      | Found a faded altar of an unknown god.
   174 | D:1      | Found Wippeq's General Store.
   336 | D:1      | Reached skill level 6 in Stealth
   417 | D:1      | Reached XP level 3. HP: 24/24 MP: 3/3
  1196 | D:2      | Reached skill level 7 in Stealth
  1213 | D:2      | Reached XP level 4. HP: 29/29 MP: 4/4
  1755 | D:3      | Noticed Sigmund
  2164 | D:3      | Noticed Robin
  2666 | D:4      | Noticed a scorpion
  2911 | D:3      | Killed Robin
  3091 | D:3      | Found a stormy altar of Qazlal.
  3109 | D:3      | Found a sparkling altar of Nemelex Xobeh.
  3119 | D:3      | Identified the ring of Futes {rPois Int+4 Slay+4}
  3181 | D:3      | Reached XP level 5. HP: 25/34 MP: 5/5
  3609 | D:3      | Killed Sigmund
  3610 | D:3      | Reached skill level 8 in Stealth
  3610 | D:3      | Reached XP level 6. HP: 4/41 MP: 6/6
  4312 | D:4      | Reached XP level 7. HP: 24/45 MP: 7/7
  4707 | D:4      | Reached skill level 9 in Stealth
  4963 | D:4      | Noticed Edmund
  4968 | D:4      | Killed Edmund
  4969 | D:4      | Reached skill level 5 in Short Blades
  4969 | D:4      | Reached XP level 8. HP: 52/52 MP: 8/8
  5152 | D:4      | Noticed a hornet
  5159 | D:4      | Killed a hornet
  5417 | D:5      | Entered Level 5 of the Dungeon
  5622 | D:5      | Reached skill level 5 in Throwing
  5627 | D:5      | Reached skill level 10 in Stealth
  5746 | D:5      | Found a blossoming altar of Fedhas.
  5875 | D:5      | Reached XP level 9. HP: 58/58 MP: 9/9
  5876 | D:5      | Identified the +1 ring mail "Xuoruv" {rElec}
  5948 | D:5      | Reached skill level 1 in Evocations
  6043 | D:6      | Found Ytegohuc's Magic Scroll Shoppe.
  6051 | D:6      | Bought a scroll of immolation for 56 gold pieces
  6051 | D:6      | Bought a scroll of blinking for 105 gold pieces
  6051 | D:6      | Bought a scroll of identify for 28 gold pieces
  6408 | D:6      | Reached skill level 11 in Stealth
  6540 | D:6      | HP: 1/58 [yak (11)]
  6542 | D:6      | Demolished by a yak

Illustrated notes

Levels and vault maps discovered:
D:1:      dpeg_arrival_rooms_c, layout_basic,
          shapermc_ecumenical_altar_acropolis, serial_shops, nicolae_square_shop
D:2:      layout_basic
D:3:      layout_basic, nicolae_overflow_squiral, grunt_decor_fettered,
          uniq_sigmund, uniq_robin
D:4:      layout_basic, portal_sewer_entry_d, minmay_misc_feat_plants,
          minmay_a_box_with_orc_wizards_in_it, uniq_edmund
D:5:      minmay_chambers_of_fours, layout_basic, fedhas_altar_3,
          lightli_corner_chamber
D:6:      layout_loops_ring, serial_shops, shop_fountains

Skill      XL: |  1  2  3  4  5  6  7  8  9 |
---------------+----------------------------+-----
Stealth        | 6 7 8 9 10 11 | 11.4
Short Blades   | 3 4 5 6 |  6.5
Dodging        | 2 3 |  3.3
Fighting       | 3 4 |  4.3
Throwing       | 3 5 6 |  6.1
Evocations     | 1 |  1.8

Action                   |  1- 3 |  4- 6 |  7- 9 || total
-------------------------+-------+-------+-------++-------
Melee: Dagger            |    48 |    88 |    83 ||   219
       Constrict         |     8 |    17 |     7 ||    32
       Tentacles         |     4 |    13 |    28 ||    45
       Punch             |       |       |     1 ||     1
Throw: Dart              |       |    12 |    52 ||    64
       Javelin           |       |       |     5 ||     5
Evoke: Wand              |       |       |     8 ||     8
  Use: Scroll            |       |     4 |     1 ||     5
 Stab: Sleeping          |    17 |     9 |    14 ||    40
       Distracted        |       |       |     1 ||     1
Armor: Skin              |     3 |     6 |       ||     9
Dodge: Dodged            |    11 |    54 |    57 ||   122
